[ AOE2 MATCH · #484777100 ]
Team RMGoths vs Dravidians
[ REPLAY ANALYSIS · EXTRACTED FROM THE RECORDED GAME ]
Feudal
—
Castle
—
Imperial
—
| APM avg | 6.9 |
| APM peak | 17 |
| eAPM avg | 5.8 |
| Villagers / military | 12 / 0 |
Focus
⚔️ 0.0% · 🌾 100.0%
Feudal
—
Castle
—
Imperial
—
| APM avg | 9.0 |
| APM peak | 14 |
| eAPM avg | 7.0 |
| Villagers / military | 19 / 0 |
Focus
⚔️ 2.4% · 🌾 97.6%
Feudal
—
Castle
—
Imperial
—
| APM avg | 12.9 |
| APM peak | 25 |
| eAPM avg | 8.7 |
| Villagers / military | 20 / 0 |
Focus
⚔️ 6.5% · 🌾 93.5%
Feudal
—
Castle
—
Imperial
—
| APM avg | 13.8 |
| APM peak | 24 |
| eAPM avg | 4.0 |
| Villagers / military | 11 / 0 |
Focus
⚔️ 0.0% · 🌾 100.0%
Feudal
—
Castle
—
Imperial
—
| APM avg | 8.6 |
| APM peak | 22 |
| eAPM avg | 6.4 |
| Villagers / military | 12 / 0 |
Focus
⚔️ 0.0% · 🌾 100.0%
Feudal
—
Castle
—
Imperial
—
| APM avg | 23.9 |
| APM peak | 39 |
| eAPM avg | 5.5 |
| Villagers / military | 5 / 0 |
Focus
⚔️ 0.0% · 🌾 100.0%
Feudal
—
Castle
—
Imperial
—
| APM avg | 4.9 |
| APM peak | 10 |
| eAPM avg | 2.3 |
| Villagers / military | 4 / 0 |
Focus
⚔️ 0.0% · 🌾 100.0%
Feudal
—
Castle
—
Imperial
—
| APM avg | 2.9 |
| APM peak | 9 |
| eAPM avg | 2.9 |
| Villagers / military | 6 / 0 |
Focus
⚔️ 9.1% · 🌾 90.9%
Match map
Initial resources + every placement click. Lines = walls · curves = elevation contours. ◆ gold · ⬟ stone · ● berries · ✦ relic · ◌ wall gap
Your base
Leggy Mountbatten's base
mison's base
LittleDwarf's base
carlosnour's base
Kennyccc222's base
helenedu92's base
even star's base
Smoothed initial terrain · ◌ = detected wall gap · hover for details
Inputs per minute
— tancredi.marco.defrancesco - - Leggy Mountbatten
Build order — tancredi.marco.defrancesco
20 actions detected in the replay
| 0:06 | Create | Villager (Male) |
| 0:06 | Create | Villager (Male) |
| 0:20 | Build | House |
| 0:31 | Create | Villager (Male) |
| 0:48 | Build | House |
| 0:55 | Build | House |
| 0:59 | Build | House |
| 1:05 | Create | Villager (Male) |
| 1:20 | Build | Lumber Camp |
| 2:01 | Create | Villager (Male) |
| 2:26 | Create | Villager (Male) |
| 3:05 | Create | Villager (Male) |
| 3:34 | Create | Villager (Male) |
| 3:49 | Build | House |
| 3:52 | Build | House |
| 4:06 | Create | Villager (Male) |
| 4:31 | Create | Villager (Male) |
| 4:57 | Build | Mill |
| 5:02 | Create | Villager (Male) |
| 5:19 | Create | Villager (Male) |
Build order — Leggy Mountbatten
28 actions detected in the replay
| 0:08 | Create | Villager (Male) |
| 0:10 | Research | Loom |
| 0:11 | Create | Villager (Male) |
| 0:11 | Create | Villager (Male) |
| 0:11 | Create | Villager (Male) |
| 0:26 | Build | House |
| 1:58 | Create | Villager (Male) |
| 1:59 | Create | Villager (Male) |
| 2:11 | Build | Lumber Camp |
| 2:16 | Build | House |
| 2:25 | Build | House |
| 2:28 | Create | Villager (Male) |
| 2:29 | Create | Villager (Male) |
| 3:14 | Create | Villager (Male) |
| 3:14 | Create | Villager (Male) |
| 4:20 | Create | Villager (Male) |
| 4:20 | Create | Villager (Male) |
| 4:21 | Create | Villager (Male) |
| 5:02 | Build | Palisade Gate |
| 5:07 | Create | Villager (Male) |
| 5:07 | Create | Villager (Male) |
| 5:18 | Build | Mill |
| 5:27 | Create | Villager (Male) |
| 5:27 | Create | Villager (Male) |
| 6:16 | Build | Lumber Camp |
| 6:19 | Build | House |
| 6:25 | Create | Villager (Male) |
| 6:25 | Create | Villager (Male) |
Build order — mison
24 actions detected in the replay
| 0:07 | Create | Villager (Male) |
| 0:08 | Research | Loom |
| 0:09 | Create | Villager (Male) ×3 |
| 0:14 | Build | House |
| 0:16 | Build | House |
| 1:35 | Create | Villager (Male) |
| 2:18 | Create | Villager (Male) |
| 2:19 | Create | Villager (Male) |
| 2:37 | Create | Villager (Male) |
| 2:54 | Create | Villager (Male) |
| 3:27 | Create | Villager (Male) |
| 3:41 | Create | Villager (Male) |
| 3:41 | Create | Villager (Male) |
| 3:50 | Build | House |
| 3:52 | Build | House |
| 3:55 | Build | Mill |
| 3:57 | Create | Villager (Male) |
| 3:58 | Create | Villager (Male) |
| 3:58 | Create | Villager (Male) |
| 4:08 | Create | Villager (Male) |
| 4:29 | Create | Villager (Male) |
| 4:29 | Create | Villager (Male) |
| 4:39 | Create | Villager (Male) |
| 5:08 | Create | Villager (Male) |
Build order — LittleDwarf
10 actions detected in the replay
| 1:35 | Build | House |
| 1:36 | Build | House |
| 1:40 | Create | Villager (Male) ×4 |
| 3:19 | Create | Villager (Male) |
| 3:46 | Build | Mill |
| 4:09 | Create | Villager (Male) |
| 4:46 | Create | Villager (Male) ×3 |
| 5:13 | Create | Villager (Male) |
| 5:33 | Create | Villager (Male) |
| 5:40 | Build | House |
Build order — carlosnour
17 actions detected in the replay
| 0:12 | Build | House |
| 0:13 | Build | House |
| 0:15 | Build | House |
| 0:16 | Build | House |
| 0:33 | Create | Villager (Male) |
| 0:33 | Create | Villager (Male) |
| 0:33 | Create | Villager (Male) |
| 0:34 | Create | Villager (Male) |
| 0:36 | Research | Loom |
| 2:15 | Create | Villager (Male) |
| 2:15 | Create | Villager (Male) |
| 3:54 | Create | Villager (Male) |
| 3:54 | Create | Villager (Male) |
| 3:55 | Create | Villager (Male) |
| 3:55 | Create | Villager (Male) |
| 6:26 | Create | Villager (Male) |
| 6:26 | Create | Villager (Male) |
Build order — Kennyccc222
8 actions detected in the replay
| 1:03 | Build | House |
| 1:04 | Create | Villager (Male) |
| 1:04 | Create | Villager (Male) |
| 1:04 | Create | Villager (Male) |
| 1:04 | Create | Villager (Male) |
| 1:05 | Create | Villager (Male) |
| 5:47 | Build | House |
| 5:48 | Build | House |
Build order — helenedu92
9 actions detected in the replay
| 2:18 | Build | House |
| 2:20 | Build | House |
| 2:22 | Build | House |
| 2:27 | Research | Loom |
| 2:29 | Create | Villager (Male) |
| 2:30 | Create | Villager (Male) |
| 2:30 | Create | Villager (Male) |
| 2:31 | Create | Villager (Male) |
| 4:20 | Build | Lumber Camp |
Build order — even star
9 actions detected in the replay
| 4:43 | Build | House |
| 4:49 | Build | House |
| 4:51 | Research | Loom |
| 4:51 | Create | Villager (Male) |
| 4:54 | Create | Villager (Male) |
| 4:54 | Create | Villager (Male) |
| 4:54 | Create | Villager (Male) |
| 4:54 | Create | Villager (Male) |
| 4:55 | Create | Villager (Male) |
Match timeline
| 5:40 | even star · resign |
[ AI ANALYSIS · 1 CREDIT ]
What really happened in this match?
Wolo.gg analyzes every decision: build order, eco, micro, common mistakes by bracket. Personalized analysis on WhatsApp or Discord in 30 seconds.
Civ guide
Goths
Map guide
Arabia
Perfil
Jugador #9888227